| TOP OF THE 1ST |
|
Victoria Capitals batting - Pitching for Joplin Blasters : RHP Mike Galvin
|
|
Pitching: RHP Mike Galvin
|
|
|
Batting: SHB Detlef Oursler
|
0-0: Ball 1-0: Ball 2-0: SOLO HOME RUN (Flyball, 9LD, EV 93.8 MPH), Distance : 351 ft
|
|
Batting: LHB Taki Matsui
|
0-0: Ball 1-0: Swinging Strike 1-1: Fly out, F3 (Line Drive, 3, EV 73.8 MPH)
|
|
Batting: RHB Victor Rosas
|
0-0: Called Strike 0-1: Swinging Strike 0-2: Strikes out looking
|
|
Batting: LHB Chang Huie
|
0-0: Swinging Strike 0-1: Swinging Strike 0-2: Strikes out swinging
|
| Top of the 1st over - 1 run, 1 hit, 0 errors, 0 left on base; Victoria 1 - Joplin 0 |
| BOTTOM OF THE 1ST |
|
Joplin Blasters batting - Pitching for Victoria Capitals : RHP Frank Cabrera
|
|
Pitching: RHP Frank Cabrera
|
|
|
Batting: RHB Dave Saldana
|
0-0: Ball 1-0: Ball 2-0: SINGLE (Flyball, 8RS, EV 95.6 MPH) - OUT at second base trying to stretch hit.
|
|
Batting: RHB Matt Belgard
|
0-0: Ball 1-0: Foul Ball, location: 2F 1-1: Bunt for hit to P - play at first, batter safe!
|
|
Batting: LHB David Bearden
|
0-0: Ball Matt Belgard is caught stealing 2nd base 2-6 1-0: Ball 2-0: Swinging Strike 2-1: Foul Ball, location: 2F 2-2: Foul Ball, location: 2F 2-2: Fly out, F7 (Line Drive, 7D, EV 87.5 MPH)
|
| Bottom of the 1st over - 0 runs, 2 hits, 0 errors, 0 left on base; Victoria 1 - Joplin 0 |
| TOP OF THE 2ND |
|
Victoria Capitals batting - Pitching for Joplin Blasters : RHP Mike Galvin
|
|
Batting: RHB Tomokazu Sugimoto
|
0-0: Called Strike 0-1: Ground out 4-3 (Groundball, 4, EV 78.8 MPH)
|
|
Batting: RHB Heihachiro Fujita
|
0-0: Ball 1-0: Foul Ball, location: 2F 1-1: Called Strike 1-2: Strikes out swinging
|
|
Batting: RHB Danny Pujols
|
0-0: Ball 1-0: Foul Ball, location: 2F 1-1: Called Strike 1-2: Ball 2-2: Ball 3-2: Strikes out swinging
|
| Top of the 2nd over - 0 runs, 0 hits, 0 errors, 0 left on base; Victoria 1 - Joplin 0 |
| BOTTOM OF THE 2ND |
|
Joplin Blasters batting - Pitching for Victoria Capitals : RHP Frank Cabrera
|
|
Batting: LHB Joe Cozart
|
0-0: Ground out 4-3 (Groundball, 4, EV 80.6 MPH)
|
|
Batting: SHB Sean Hill
|
0-0: Swinging Strike 0-1: Fly out, F8 (Flyball, 78D, EV 97.5 MPH)
|
|
Batting: RHB Justin Goff
|
0-0: SINGLE (Line Drive, 89S, EV 100.0 MPH)
|
|
Batting: LHB Josh Dalton
|
0-0: Ball 1-0: Swinging Strike 1-1: Foul Ball, location: 2F 1-2: Fly out, F8 (Flyball, 89D, EV 103.1 MPH)
|
| Bottom of the 2nd over - 0 runs, 1 hit, 0 errors, 1 left on base; Victoria 1 - Joplin 0 |
| TOP OF THE 3RD |
|
Victoria Capitals batting - Pitching for Joplin Blasters : RHP Mike Galvin
|
|
Batting: SHB Ray Skogen
|
0-0: Called Strike 0-1: Hit by Pitch
|
|
Pinch Runner at 1st Nick Edmunds:
|
|
|
Batting: RHB John Vasquez
|
0-0: Swinging Strike 0-1: Ball Nick Edmunds steals 2nd base 1-1: Foul Ball, location: 2F 1-2: Foul Ball, location: 2F 1-2: Strikes out swinging
|
|
Batting: SHB Detlef Oursler
|
0-0: Ball 1-0: Ball 2-0: Called Strike 2-1: Called Strike 2-2: Strikes out looking
|
|
Batting: LHB Taki Matsui
|
0-0: Ball 1-0: Ball 2-0: Called Strike 2-1: Swinging Strike 2-2: Strikes out swinging
|
| Top of the 3rd over - 0 runs, 0 hits, 0 errors, 1 left on base; Victoria 1 - Joplin 0 |
| BOTTOM OF THE 3RD |
|
Joplin Blasters batting - Pitching for Victoria Capitals : RHP Frank Cabrera
|
|
Now in LF: Nick Edmunds
|
|
|
Now in CF: Detlef Oursler
|
|
|
Batting: RHB Adam Krieger
|
0-0: Called Strike 0-1: Ball 1-1: Ball 2-1: Fly out, F9 (Line Drive, 9, EV 85.0 MPH)
|
|
Batting: RHB Edwin Ramos
|
0-0: Swinging Strike 0-1: Ball 1-1: Foul Ball, location: 2F 1-2: SINGLE (Groundball, 6D, EV 103.8 MPH)
|
|
Batting: RHB Dave Saldana
|
0-0: Ball Edwin Ramos steals 2nd base 1-0: Called Strike 1-1: Foul Ball, location: 2F 1-2: SINGLE (Groundball, 56D, EV 107.5 MPH) Edwin Ramos to third Throwing error, E7 Edwin Ramos scores Dave Saldana to second
|
|
Batting: RHB Matt Belgard
|
0-0: Ball 1-0: Foul Ball, location: 2F 1-1: Ground out 5-3 (Groundball, 56S, EV 63.8 MPH) Dave Saldana to third
|
|
Batting: LHB David Bearden
|
0-0: Called Strike 0-1: Ball 1-1: Called Strike 1-2: Ground out 4-3 (Groundball, 34, EV 79.4 MPH)
|
| Bottom of the 3rd over - 1 run, 2 hits, 1 error, 1 left on base; Victoria 1 - Joplin 1 |
| TOP OF THE 4TH |
|
Victoria Capitals batting - Pitching for Joplin Blasters : RHP Mike Galvin
|
|
Batting: RHB Victor Rosas
|
0-0: Foul Ball, location: 2F 0-1: Ball 1-1: Called Strike 1-2: Strikes out swinging
|
|
Batting: LHB Chang Huie
|
0-0: Called Strike 0-1: Ground out U3 (Groundball, 3, EV 83.1 MPH)
|
|
Batting: RHB Tomokazu Sugimoto
|
0-0: Ball 1-0: Ground out 6-3 (Groundball, 6M, EV 84.4 MPH)
|
| Top of the 4th over - 0 runs, 0 hits, 0 errors, 0 left on base; Victoria 1 - Joplin 1 |
| BOTTOM OF THE 4TH |
|
Joplin Blasters batting - Pitching for Victoria Capitals : RHP Frank Cabrera
|
|
Batting: LHB Joe Cozart
|
0-0: Ball 1-0: Ball 2-0: Swinging Strike 2-1: Swinging Strike 2-2: Foul Ball, location: 2F 2-2: Foul Ball, location: 2F 2-2: Strikes out swinging
|
|
Batting: SHB Sean Hill
|
0-0: Ball 1-0: Called Strike 1-1: Ground out 1-3 (Groundball, 15S, EV 68.8 MPH)
|
|
Batting: RHB Justin Goff
|
0-0: Ball 1-0: Ball 2-0: Ball 3-0: Base on Balls
|
|
Batting: LHB Josh Dalton
|
0-0: Ball 1-0: 2-RUN HOME RUN (Flyball, 7D, EV 96.9 MPH), Distance : 383 ft
|
|
Batting: RHB Adam Krieger
|
0-0: Called Strike 0-1: Swinging Strike 0-2: Ball 1-2: Ball 2-2: Foul Ball, location: 2F 2-2: Ball 3-2: Base on Balls
|
|
Batting: RHB Edwin Ramos
|
0-0: SINGLE (Groundball, 6MD, EV 95.6 MPH) Adam Krieger to second
|
|
Batting: RHB Dave Saldana
|
0-0: Ball 1-0: Fielders Choice at 2nd, 4-6 (Groundball, 4MD, EV 106.9 MPH)
|
| Bottom of the 4th over - 2 runs, 2 hits, 0 errors, 2 left on base; Victoria 1 - Joplin 3 |
| TOP OF THE 5TH |
|
Victoria Capitals batting - Pitching for Joplin Blasters : RHP Mike Galvin
|
|
Batting: RHB Heihachiro Fujita
|
0-0: Foul Ball, location: 2F 0-1: Foul Ball, location: 2F 0-2: Ball 1-2: Ball 2-2: Foul Ball, location: 2F 2-2: Foul Ball, location: 2F 2-2: Ball 3-2: Fly out, F9 (Flyball, 89M, EV 75.0 MPH)
|
|
Batting: RHB Danny Pujols
|
0-0: Ball 1-0: Foul Ball, location: 2F 1-1: Called Strike 1-2: Fly out, F9 (Flyball, 9, EV 96.3 MPH)
|
|
Batting: RHB Nick Edmunds
|
0-0: Called Strike 0-1: Fly out, F7 (Flyball, 7LM, EV 93.1 MPH)
|
| Top of the 5th over - 0 runs, 0 hits, 0 errors, 0 left on base; Victoria 1 - Joplin 3 |
| BOTTOM OF THE 5TH |
|
Joplin Blasters batting - Pitching for Victoria Capitals : RHP Frank Cabrera
|
|
Batting: RHB Matt Belgard
|
0-0: Ball 1-0: SOLO HOME RUN (Line Drive, 78XD, EV 107.5 MPH), Distance : 424 ft
|
|
Batting: LHB David Bearden
|
0-0: Ball 1-0: Fly out, F8 (Flyball, 8RD, EV 97.5 MPH)
|
|
Batting: LHB Joe Cozart
|
0-0: Ball 1-0: Ball 2-0: Ball 3-0: Base on Balls
|
|
Batting: SHB Sean Hill
|
0-0: Ball 1-0: Swinging Strike 1-1: Foul Ball, location: 2F 1-2: Ball 2-2: Ball 3-2: Fielders Choice at 2nd, 4-6 (Groundball, 4MD, EV 104.4 MPH)
|
|
Batting: RHB Justin Goff
|
0-0: Swinging Strike 0-1: Foul Ball, location: 2F 0-2: Foul Ball, location: 2F 0-2: Foul Ball, location: 2F 0-2: Ground out 1-3 (Groundball, 34S, EV 65.6 MPH)
|
| Bottom of the 5th over - 1 run, 1 hit, 0 errors, 1 left on base; Victoria 1 - Joplin 4 |
| TOP OF THE 6TH |
|
Victoria Capitals batting - Pitching for Joplin Blasters : RHP Mike Galvin
|
|
Batting: RHB John Vasquez
|
0-0: Ball 1-0: SINGLE (Groundball, 5D, EV 99.4 MPH)
|
|
Batting: SHB Detlef Oursler
|
0-0: SINGLE (Groundball, 34, EV 94.4 MPH) John Vasquez to second Runner from 2nd tries for 3rd, SAFE, throw by RF made to third
|
|
Batting: LHB Taki Matsui
|
0-0: Ball 1-0: Called Strike Detlef Oursler steals 2nd base 1-1: Ball 2-1: Foul Ball, location: 2F 2-2: Strikes out looking
|
|
Batting: RHB Victor Rosas
|
0-0: Called Strike 0-1: Ball 1-1: Foul Ball, location: 2F 1-2: Strikes out swinging
|
|
Batting: LHB Chang Huie
|
0-0: Ball 1-0: Ground out 6-3 (Groundball, 6D, EV 106.9 MPH)
|
| Top of the 6th over - 0 runs, 2 hits, 0 errors, 2 left on base; Victoria 1 - Joplin 4 |
| BOTTOM OF THE 6TH |
|
Joplin Blasters batting - Pitching for Victoria Capitals : RHP Frank Cabrera
|
|
Batting: LHB Josh Dalton
|
0-0: Fly out, F7 (Flyball, 7S, EV 83.8 MPH)
|
|
Batting: RHB Adam Krieger
|
0-0: Ground out 5-3 (Groundball, 5L, EV 91.3 MPH)
|
|
Batting: RHB Edwin Ramos
|
0-0: Ball 1-0: Ground out 1-3 (Groundball, 13S, EV 67.5 MPH)
|
| Bottom of the 6th over - 0 runs, 0 hits, 0 errors, 0 left on base; Victoria 1 - Joplin 4 |
| TOP OF THE 7TH |
|
Victoria Capitals batting - Pitching for Joplin Blasters : RHP Mike Galvin
|
|
Batting: RHB Tomokazu Sugimoto
|
0-0: Ball 1-0: Called Strike 1-1: Foul Ball, location: 2F 1-2: Fly out, F3 (Popup, 3F, EV 67.5 MPH)
|
|
Batting: RHB Heihachiro Fujita
|
0-0: Called Strike 0-1: Foul Ball, location: 2F 0-2: Ball 1-2: Ball 2-2: Strikes out swinging, 2-3 out at first.
|
|
Batting: RHB Danny Pujols
|
0-0: Fly out, F9 (Flyball, 89D, EV 88.8 MPH)
|
| Top of the 7th over - 0 runs, 0 hits, 0 errors, 0 left on base; Victoria 1 - Joplin 4 |
| BOTTOM OF THE 7TH |
|
Joplin Blasters batting - Pitching for Victoria Capitals : RHP Frank Cabrera
|
|
Batting: RHB Dave Saldana
|
0-0: Ball 1-0: Called Strike 1-1: Ball 2-1: Ball 3-1: Base on Balls
|
|
Batting: RHB Matt Belgard
|
0-0: Bunted foul 0-1: Bunted foul 0-2: Ball 1-2: Grounds into double play, 4-6-3 (Groundball, 4, EV 106.9 MPH)
|
|
Batting: LHB David Bearden
|
0-0: Fly out, F7 (Line Drive, 7, EV 111.9 MPH)
|
| Bottom of the 7th over - 0 runs, 0 hits, 0 errors, 0 left on base; Victoria 1 - Joplin 4 |
| TOP OF THE 8TH |
|
Victoria Capitals batting - Pitching for Joplin Blasters : RHP Mike Galvin
|
|
Batting: RHB Nick Edmunds
|
0-0: Foul Ball, location: 2F 0-1: Foul Ball, location: 2F 0-2: Foul Ball, location: 2F 0-2: Ball 1-2: Fly out, F4 (Popup, 4M, EV 77.5 MPH)
|
|
Batting: RHB John Vasquez
|
0-0: Called Strike 0-1: Swinging Strike 0-2: Ball 1-2: Strikes out swinging
|
|
Batting: SHB Detlef Oursler
|
0-0: Ball 1-0: Ball 2-0: Swinging Strike 2-1: Ball 3-1: Base on Balls
|
|
Pitching: RHP Ian Current
|
|
|
Batting: LHB Taki Matsui
|
0-0: Foul Ball, location: 2F 0-1: Fly out, F9 (Flyball, 9LM, EV 92.5 MPH)
|
| Top of the 8th over - 0 runs, 0 hits, 0 errors, 1 left on base; Victoria 1 - Joplin 4 |
| BOTTOM OF THE 8TH |
|
Joplin Blasters batting - Pitching for Victoria Capitals : RHP Frank Cabrera
|
|
Pitching: RHP Harry Hammons
|
|
|
Batting: LHB Joe Cozart
|
0-0: Swinging Strike 0-1: SINGLE (Flyball, 56D, EV 88.8 MPH)
|
|
Batting: SHB Sean Hill
|
0-0: Foul Ball, location: 2F 0-1: Ball 1-1: Called Strike 1-2: Foul Ball, location: 2F 1-2: Fly out, F7 (Flyball, 7D, EV 101.3 MPH)
|
|
Batting: RHB Justin Goff
|
0-0: Swinging Strike 0-1: Ball 1-1: Swinging Strike 1-2: Strikes out looking
|
|
Batting: LHB Josh Dalton
|
0-0: Foul Ball, location: 2F 0-1: Foul Ball, location: 2F 0-2: Strikes out swinging
|
| Bottom of the 8th over - 0 runs, 1 hit, 0 errors, 1 left on base; Victoria 1 - Joplin 4 |
| TOP OF THE 9TH |
|
Victoria Capitals batting - Pitching for Joplin Blasters : RHP Ian Current
|
|
Batting: RHB Victor Rosas
|
0-0: Ball 1-0: Foul Ball, location: 2F 1-1: Ground out 6-3 (Groundball, 6, EV 84.4 MPH)
|
|
Batting: LHB Chang Huie
|
0-0: Ball 1-0: DOUBLE (Flyball, 7LD, EV 95.6 MPH)
|
|
Batting: RHB Tomokazu Sugimoto
|
0-0: Fly out, F7 (Line Drive, 7, EV 101.3 MPH)
|
|
Pinch Hitting: SHB Carlos Luna
|
0-0: Called Strike 0-1: Ball 1-1: Called Strike 1-2: Strikes out swinging
|
| Top of the 9th over - 0 runs, 1 hit, 0 errors, 1 left on base; Victoria 1 - Joplin 4 |
|